 Dungeon Crawl Stone Soup version 0.28-a0-1638-g9123634e07 (webtiles) character file.

Game seed: 5438393884938132879

150 issech the Cudgeller (level 5, -5/52 HPs)
             Began as a Troll Monk on Jan 25, 2022.
             Killed from afar by Natasha (12 damage)
             ... with a magic dart
             ... on level 3 of the Dungeon.
             The game lasted 00:06:29 (1927 turns).

issech the Cudgeller (Troll Monk)                   Turns: 1927, Time: 00:06:30

Health: -5/52      AC:  0    Str: 19    XL:     5   Next: 10%
Magic:  4/4        EV: 21    Int:  6    God:
Gold:   74         SH:  0    Dex: 19    Spells: 4/4 levels left

rFire   . . .      SeeInvis .   (weapon currently unavailable)
rCold   . . .      Faith    .   (shield currently unavailable)
rNeg    . . .      Spirit   .   (armour currently unavailable)
rPois   .          Reflect  .   (helmet currently unavailable)
rElec   .          Harm     .   (cloak currently unavailable)
rCorr   .          Rampage  .   (gloves unavailable)
Will    .....                   (boots unavailable)
Stlth   ++........              (no amulet)
HPRegen 0.97/turn               (ring currently unavailable)
MPRegen 0.09/turn               (ring currently unavailable)

@: bat-form, flying, very quick
A: fast, flying, no casting, tiny, unfitting armour, (claws 3), regeneration 1,
(shaggy fur 1), (tough skin 1)
a: no special abilities


You were on level 3 of the Dungeon.
You were a bat.
You visited 1 branch of the dungeon, and saw 3 of its levels.

You collected 74 gold pieces.

Inventory:

Hand Weapons
 a - a +0 mace (melded)
 o - a +0 hunting sling
Missiles
 d - 3 poisoned darts (quivered)
 g - a throwing net
 i - 96 stones
 k - 49 sling bullets
 l - 17 bolts
 n - 15 arrows
Armour
 b - a +0 robe
 f - a +2 cloak (melded)
 p - a +2 animal skin (melded)
Magical Staves
 e - a staff of air
Scrolls
 h - 2 scrolls of identify {unknown}
 m - a scroll of enchant weapon {unknown}
Potions
 c - 2 potions of curing {unknown}
 j - a potion of invisibility {unknown}
 q - a potion of haste {unknown}


   Skills:
 + Level 2.9 Fighting
 + Level 4.0 Maces & Flails
 + Level 3.5 Dodging
 + Level 1.1 Stealth


You had 4 spell levels left.
You didn't know any spells.
Your spell library contained the following spells:

 Spells                   Type           Power      Damage    Failure   Level
 Static Discharge         Conj/Air       0%         N/A       58%         2
 Lightning Bolt           Conj/Air       0%         1d11      100%        5
 Maxwell's Capacitive Co  Air            0%         ∞         100%        8


Dungeon Overview and Level Annotations

Branches:
Dungeon (3/15)

Altars:
Cheibriados

Annotations:
D:3 Natasha


Innate Abilities, Weirdness & Mutations

You are a bat.
You are tiny and dextrous.
You move quickly.
You are flying.
Your equipment is almost entirely melded.
You are incapable of wielding weapons or throwing items.
You cannot cast spells.
You are too large for most types of armour.
((You have claws for hands.))
Your natural rate of healing is unusually fast.
((You are covered in fur. (AC +1)))
((You have tough skin. (AC +1)))


Message History

Natasha is almost dead.
Natasha claws you. The crimson imp misses you.
You barely miss Natasha.
Natasha is almost dead.
Natasha claws you! The crimson imp hits you.
Unknown command.
You barely miss Natasha.
Natasha is almost dead.
Natasha claws you!
* * * LOW HITPOINT WARNING * * *
The crimson imp barely misses you. The crimson imp misses you.
You hit Natasha but do no damage.
Natasha is almost dead.
Natasha casts a spell.
The crimson imp hits you.
* * * LOW HITPOINT WARNING * * *
The crimson imp barely misses you.
You hit Natasha but do no damage.
Natasha is almost dead.
Natasha claws you!
* * * LOW HITPOINT WARNING * * *
The crimson imp barely misses you.
The crimson imp completely misses you. x2
You barely miss Natasha.
Natasha is almost dead.
Natasha completely misses you. The crimson imp barely misses you.
You hit Natasha.
Natasha is almost dead.
The crimson imp closely misses you. The crimson imp hits you.
* * * LOW HITPOINT WARNING * * *
Natasha stares at you and mumbles some strange words.
The magic dart hits you.
* * * LOW HITPOINT WARNING * * *
The crimson imp completely misses you. The crimson imp misses you.
The crimson imp disappears in a puff of smoke!
Found a mace.
The crimson imp disappears in a puff of smoke!
Natasha casts a spell at you. The magic dart hits you!
You die...

##...##.#...
#.)..
#8.).8#.#..
##...
##...######
#...
#...##8###8#
#..#
##.§..§......
##.#
#⌠...........
#..
##.5h........
##.
#...##8###8#
#> #.b.# ## #
## #8...8#
##...## #...#
#...# 8...8
#)..# ....#


You could see Natasha and a crimson imp (summoned).

Vanquished Creatures
  Natasha (twice) (D:3)
  Robin (D:3)
  4 adders
  A worm (D:3)
  A dart slug (D:2)
  4 ball pythons
  4 bats
  An endoplasm (D:2)
  15 goblins
  4 hobgoblins
  2 quokkas (D:1)
  2 frilled lizards
  4 kobolds
  7 rats
52 creatures vanquished.

Notes
Turn   | Place    | Note
-------+----------+-------------------------------------------
     0 | D:1      | issech the Troll Monk began the quest for the Orb.
     0 | D:1      | Reached XP level 1. HP: 22/22 MP: 0/0
   203 | D:1      | Reached skill level 3 in Maces & Flails
   203 | D:1      | Reached XP level 2. HP: 28/29 MP: 1/1
   690 | D:1      | Found a faded altar of an unknown god.
  1285 | D:2      | Reached XP level 3. HP: 36/36 MP: 2/2
  1513 | D:3      | Noticed Natasha
  1570 | D:3      | Killed Natasha
  1591 | D:3      | Reached XP level 4. HP: 44/44 MP: 3/3
  1656 | D:3      | Noticed Robin
  1732 | D:3      | Killed Robin
  1803 | D:3      | Found a snail-covered altar of Cheibriados.
  1814 | D:3      | Noticed Natasha
  1828 | D:3      | Killed Natasha
  1842 | D:3      | Reached XP level 5. HP: 48/52 MP: 4/4
  1870 | D:3      | Reached skill level 4 in Maces & Flails
  1888 | D:3      | Noticed Natasha
  1927 | D:3      | Killed from afar by Natasha

Illustrated notes

Levels and vault maps discovered:
D:1:      matt_arrival_refuge, layout_basic, ebering_ecumenical_altar_petrified
D:2:      layout_loops_ring
D:3:      layout_basic, mainiacjoe_overflow_small_starburst,
          serial_corexii_hall, chequers_hall_statues_wall_a,
          corexii_hall_statues_x, chequers_hall_statues_corner_a,
          corexii_hall_statues_t, uniq_natasha, uniq_robin

Skill      XL: |  1  2  3  4  5 |
---------------+----------------+-----
Maces & Flails | 3 4 |  4.0
Dodging        | 3 |  3.5
Fighting       | |  2.9
Stealth        | |  1.1

Action                   |  1- 3 |  4- 6 || total
-------------------------+-------+-------++-------
Melee: Mace              |   116 |    90 ||   206
       Punch             |       |     1 ||     1
       Unarmed           |       |    29 ||    29
 Stab: Sleeping          |     3 |       ||     3
Armor: Robe              |    72 |    51 ||   123
       Animal skin       |       |     9 ||     9
Dodge: Dodged            |    91 |   110 ||   201

Table legend: (Time is in decaauts)
 A = Elapsed time spent in this place.
 B = Non-inter-level travel time spent in this place.
 C = Inter-level travel time spent in this place.
 D = Time resting spent in this place.
 E = Time spent auto-exploring this place.
 F = Levels seen in this place.
 G = Mean time per level.
                   A        B        C        D        E       F      G
               +--------+--------+--------+--------+--------+-----+--------+
         Total |   1972 |   1934 |     38 |     38 |    934 |   3 |  657.3 |
       Dungeon |   1972 |   1934 |     38 |     38 |    934 |   3 |  657.3 |
               +--------+--------+--------+--------+--------+-----+--------+

Top non-repeatable levels by time:
     D:1: 818 daAuts
     D:2: 762 daAuts
     D:3: 391 daAuts
